 Dungeon Crawl Stone Soup version 0.20.1-1-g8b1a95d (webtiles) character file.

191 leoctania the Skirmisher (level 5, -5/33 HPs)
             Began as a Gargoyle Monk on July 7, 2017.
             Slain by Duvessa
             ... wielding a +0 short sword
              (11 damage)
             ... on level 4 of the Dungeon.
             The game lasted 00:38:15 (3242 turns).

leoctania the Skirmisher (Gargoyle Monk)            Turns: 3242, Time: 00:38:15

Health: -5/33      AC: 12    Str: 15    XL:     5   Next: 70%
Magic:  5/5        EV: 11    Int: 13    God:
Gold:   106        SH:  7    Dex: 12    Spells: 4/4 levels left

rFire    . . .     SeeInvis .   a - +0 mace
rCold    . . .     Gourm    .   r - +0 buckler (curse)
rNeg     + . .     Faith    .   e - +0 ring mail
rPois    ∞         Spirit   .   (no helmet)
rElec    +         Reflect  +   (no cloak)
rCorr    .         Harm     .   (no gloves)
MR       +....                  (no boots)
Stlth    +.........             k - +4 amulet of reflection
Regen    0.2/turn               (no ring)
MPRegen  0.1/turn               (no ring)

@: hasted, very quick
A: iridescent scales 1, clever 1, magic resistance 1, negative energy resistance
1, shaggy fur 1, electricity resistance, unbreathing, petrification resistance,
rot immunity, AC +4
a: no special abilities


You were on level 4 of the Dungeon.
You were not hungry.

You visited 1 branch of the dungeon, and saw 4 of its levels.

You collected 106 gold pieces.

Inventory:

Hand Weapons
 a - a +0 mace (weapon)
 j - a cursed -2 arbalest
Missiles
 g - 87 stones (quivered)
 h - 29 poisoned needles
 o - 33 bolts
 s - 55 arrows
 v - 41 sling bullets
Armour
 e - a +0 ring mail (worn)
 i - a +0 chain mail
 r - a cursed +0 buckler (worn)
Jewellery
 k - a +4 amulet of reflection (around neck)
Wands
 t - a wand of acid (4/15)
Scrolls
 b - 3 scrolls of recharging
 n - 2 scrolls of teleportation
 p - a scroll of identify
Potions
 q - 3 potions of brilliance
Comestibles
 c - 2 bread rations
 d - a meat ration
 z - 4 fruits


   Skills:
 + Level 4.0 Fighting
   Level 0.3 Short Blades
 + Level 4.0 Maces & Flails
 + Level 0.8 Throwing
 + Level 2.2 Armour
 + Level 3.2 Dodging
 + Level 2.4 Stealth
 + Level 0.9 Shields
 + Level 0.1 Evocations


You had 4 spell levels left.
You didn't know any spells.

Dungeon Overview and Level Annotations

Branches:
Dungeon (4/15)
 Temple: D:4-7

Altars:
Elyvilon

Annotations:
D:4 Duvessa


Innate Abilities, Weirdness & Mutations

You are resistant to torment.
Your stone body is resilient. (AC +4)
You are immune to poison.
You resist negative energy. (rN+)
You are resistant to electric shocks. (rElec)
You can survive without breathing.
You are immune to petrification.
You are immune to rotting.
You are partially covered in iridescent scales. (AC +2)
Your mind is acute. (Int +2)
You are resistant to hostile enchantments. (MR+)
You are covered in fur. (AC +1)


Message History

You sock Dowan!
You kill Dowan!
Duvessa screams in rage.
Duvessa goes berserk!
Your Maces & Flails skill increases to level 4!
Duvessa hits you with a short sword!
* * * LOW HITPOINT WARNING * * *
Okay, then.
Aiming: Corrosive Bolt (will waste charges)
Press: ? - help, Shift-Dir - straight line, f/p - Duvessa
Aim: Duvessa, wielding a short sword and wearing a chain mail (severely wounded, berserk, fast, unusually strong)
The bolt of acid hits Duvessa.
Duvessa is splashed with acid.
The acid corrodes Duvessa!
Duvessa is almost dead.
The bolt of acid hits the worker ant.
The worker ant is splashed with acid.
The acid corrodes the worker ant!
The worker ant is almost dead.
Evoking this partially-identified wand wasted a few charges.
Duvessa hits you with a short sword!
You die...

,,*****,,..##.#.,,,,,,,,,,,*
,,,,,,**,.......,,**********
,*,,*,**,(......,**
,**,*,**,...(...,****
,**,,,**,,,.....,,,,*
****,,,,,,,,,...##***
**,*,*,****#(a########
**,,*,,,*****#e#......#
***,,,,,,,,,,**#@#......#
**,,,,,,,,,,,,*#).......#
,,,,,,,,,,,,,,,##.......#
,,,,,,,,,...,...........#
*,,,,,,,,......#######.##
,,,,,,,,,.....,* #.#
........,......* #.#
........,,....### #.#
.......,,,,.....# ###.###


You could see Duvessa (berserk) and a worker ant.

Vanquished Creatures
  Dowan (D:4)
  A centaur skeleton (D:4)
  A worker ant (D:4)
  4 adders
  A worm (D:4)
  2 dart slugs (D:1)
  2 leopard geckos
  2 ball pythons
  4 bats
  3 giant cockroaches
  6 goblins
  2 hobgoblins (D:1)
  4 jackals (D:2)
  4 kobolds
  2 quokkas
  5 frilled lizards
  6 rats
50 creatures vanquished.

Vanquished Creatures (others)
  An adder (D:2)
1 creature vanquished.

Grand Total: 51 creatures vanquished

Notes
Turn   | Place    | Note
-------+----------+-------------------------------------------
     0 | D:1      | leoctania the Gargoyle Monk began the quest for the Orb.
     0 | D:1      | Reached XP level 1. HP: 14/14 MP: 1/1
   535 | D:1      | Reached XP level 2. HP: 19/19 MP: 2/2
   820 | D:1      | Gained mutation: You are partially covered in iridescent scales. (AC +2) [potion of mutation]
   820 | D:1      | Gained mutation: You are covered in fur. (AC +1) [potion of mutation]
   820 | D:1      | Gained mutation: You are resistant to hostile enchantments. (MR+) [potion of mutation]
   820 | D:1      | Gained mutation: Your mind is acute. (Int +2) [potion of mutation]
  1401 | D:2      | Reached XP level 3. HP: 24/24 MP: 3/3
  1609 | D:2      | Reached skill level 1 in Armour
  2620 | D:3      | Found a white marble altar of Elyvilon.
  2642 | D:3      | Reached XP level 4. HP: 25/29 MP: 4/4
  3084 | D:4      | Reached XP level 5. HP: 30/33 MP: 5/5
  3168 | D:4      | Noticed Dowan
  3172 | D:4      | Noticed Duvessa
  3241 | D:4      | Killed Dowan
  3242 | D:4      | Slain by Duvessa

Skill      XL: |  1  2  3  4  5 |
---------------+----------------+-----
Armour         | 1 2 |  2.2
Dodging        | 3 |  3.2
Fighting       | 4 |  4.0
Maces & Flails | 4 |  4.0
Short Blades   | |  0.3
Throwing       | |  0.8
Stealth        | |  2.4
Shields        | |  0.9
Evocations     | |  0.1

Action                   |  1- 3 |  4- 6 || total
-------------------------+-------+-------++-------
Melee: Mace              |   120 |   101 ||   221
       Short sword       |    56 |       ||    56
Throw: Javelin           |     6 |     5 ||    11
Evoke: Wand              |       |     2 ||     2
  Use: Potion            |     5 |     3 ||     8
       Scroll            |    10 |     2 ||    12
 Stab: Sleeping          |     1 |     1 ||     2
  Eat: Chunk             |     5 |     1 ||     6
       Fruit             |       |     1 ||     1
       Royal jelly       |       |     1 ||     1
Armor: Ring mail         |    98 |    52 ||   150
       Robe              |     1 |       ||     1
Dodge: Dodged            |   127 |    50 ||   177
Block: Buckler           |     3 |    36 ||    39
